 Dungeon Crawl Stone Soup version 0.29-a0-876-gfc89b1a5bd (webtiles) character file.

Game seed: 8473545169911834792

611 jimonade the Covered (level 7, -6/54 HPs)
             Began as a Formicid Fighter on July 19, 2022.
             Killed by nerve-wracking pain
             ... invoked by Menkaure
              (11 damage)
             ... on level 5 of the Dungeon.
             The game lasted 00:09:42 (5407 turns).

jimonade the Covered (Formicid Fighter)             Turns: 5407, Time: 00:09:42

Health: -6/54      AC:  8    Str: 21    XL:     7   Next: 72%
Magic:  10/10      EV: 14    Int:  9    God:
Gold:   247        SH:  5    Dex: 13    Spells: 10/10 levels left

rFire   . . .      SeeInvis +   N - +2 demon blade (elec)
rCold   . . .      Faith    .   c - +0 buckler
rNeg    . . .      Spirit   .   b - +0 scale mail
rPois   .          Reflect  .   (helmet unavailable)
rElec   .          Harm     .   H - scarf {shadows}
rCorr   .          Rampage  .   u - +0 pair of gloves
Will    .....                   (no boots)
Stlth   ..........              J - amulet of the acrobat
HPRegen 0.18/turn               i - +4 ring of evasion
MPRegen 0.12/turn               C - +4 ring of slaying

@: no status effects
A: permanent stasis, dig shafts and tunnels, antennae 3, four strong arms
a: Dig, Shaft Self


You were on level 5 of the Dungeon.
You visited 1 branch of the dungeon, and saw 5 of its levels.

You collected 247 gold pieces.

Inventory:

Hand Weapons
 a - a +0 quarterstaff
 v - a +0 quarterstaff
 F - a +0 hand axe of venom
 N - a +2 demon blade of electrocution (weapon)
Missiles
 m - 46 stones
 t - 6 silver javelins (quivered)
 y - a throwing net
 B - 6 boomerangs
Armour
 b - a +0 scale mail (worn)
 c - a +0 buckler (worn)
 u - a +0 pair of gloves (worn)
 z - a +0 leather armour
 H - a scarf of shadows (worn)
Magical Staves
 L - a staff of earth
Jewellery
 i - a +4 ring of evasion (left hand)
 C - a +4 ring of slaying (right hand)
 J - an amulet of the acrobat (around neck)
 K - a +6 ring of strength
 O - a +4 ring of protection
Wands
 A - a wand of iceblast (10)
Scrolls
 h - a scroll of brand weapon {unknown}
 j - a scroll of noise {unknown}
 l - 8 scrolls of identify {unknown}
 p - 3 scrolls of immolation {unknown}
 w - 2 scrolls of summoning {unknown}
 x - a scroll of vulnerability {unknown}
 D - a scroll of magic mapping {unknown}
 E - a scroll of poison {unknown}
 G - 2 scrolls of teleportation {unknown}
Potions
 d - 2 potions of might
 e - 3 potions of resistance {unknown}
 f - 5 potions of attraction {unknown}
 g - a potion of berserk rage {unknown}
 k - a potion of curing {unknown}
 n - a potion of mutation {unknown}
 o - a potion of heal wounds {unknown}
 q - a potion of invisibility {unknown}
 r - a potion of degeneration {unknown}
 s - 2 potions of lignification {unknown}
 I - 2 potions of brilliance {unknown}
 M - a potion of flight {unknown}


   Skills:
 + Level 4.3 Fighting
 + Level 0.4 Long Blades
 - Level 4.4 Staves
 + Level 0.1 Throwing
 + Level 5.2 Armour
 + Level 1.3 Dodging
 + Level 4.8 Shields
 * Level 2.3 Spellcasting
 * Level 3.0 Poison Magic
 + Level 0.1 Evocations


You had 10 spell levels left.
You didn't know any spells.
Your spell library contained the following spells:

 Spells                   Type           Power      Damage    Failure   Level
 Sting                    Tmut/Pois      12%        1d3       47%         1
 Poisonous Vapours        Pois/Air       6%         N/A       63%         2
 Apportation              Tloc           2%         N/A       69%         1
 Necrotise                Necr           4%         1d4       69%         1
 Olgreb's Toxic Radiance  Pois           6%         N/A       95%         4
 Stone Arrow              Conj/Erth      2%         3d7       96%         3
 Vampiric Draining        Necr           1%         2d6       96%         3
 Animate Armour           Summ/Erth      2%         N/A       100%        4
 Agony                    Necr           1%         N/A       100%        5
 Alistair's Intoxication  Tmut/Pois      2%         N/A       100%        5
 Lehudib's Crystal Spear  Conj/Erth      0%         10d2      100%        8


Dungeon Overview and Level Annotations

Branches:
Dungeon (5/15)
 Temple: D:4-7

Altars:

Portals:
Abyss: D:3

Annotations:
D:3 2 transporters, Hubjo's ghost, weakling DsTm
D:5 Menkaure


Innate Abilities, Weirdness & Mutations

You cannot be hasted, slowed, berserked, paralysed or teleported.
You can dig through walls and to a lower floor.
You have a pair of large antennae on your head. (SInv)
Your four strong arms can wield two-handed weapons with a shield.


Message History

The black bear is almost dead.
The black bear closely misses you. The black bear barely misses you. x2
The black bear misses you. x2; The black bear claws you.
You hit the black bear.
The black bear is almost dead.
The black bear bites you. You block the black bear's attack.
The black bear misses you. The black bear bites you!
The black bear closely misses you. You block the black bear's attack.
You slash the black bear!
Lightning courses through the black bear!
You kill the black bear!
Your Poison Magic skill increases to level 3!
No target in view!
e - 3 fuming clear potions (gained 1)
You see here a black bear corpse.
There are no objects that can be picked up here. a black bear corpse Menkaure, Prince of Dust comes into view.
Menkaure casts a spell.
Menkaure seems to speed up.
Menkaure calls on the powers of darkness!
Your body is wracked with pain!
You slash Menkaure!
Menkaure is moderately damaged.
You block Menkaure's attack.
You slash Menkaure!
Menkaure is severely damaged.
Menkaure hits you!!
* * * LOW HITPOINT WARNING * * *
You block Menkaure's attack.
You hit Menkaure.
Menkaure is severely damaged.
Menkaure calls on the powers of darkness!
Your body is wracked with pain!
* * * LOW HITPOINT WARNING * * *
You barely miss Menkaure.
Menkaure is severely damaged.
Menkaure points at you and mumbles some strange words.
Pain shoots through your body!
You die...

#.# #.# ##.##
##...#######
#.....?...M.
##....######
##.#.#
#.######M#.# {
#.....†..@.#
########.###
#.# #.#
######## #.#
.......# ###>#
####.####.#.#
#.).........##
#.##.#.......#


You could see Menkaure (fast).

Vanquished Creatures
  A black bear (D:5)
  An ogre (D:5)
  2 scorpions
  A hound (D:4)
  4 iguanas
  4 adders
  6 gnolls
  An ufetubus (D:4)
  4 worms
  A dart slug (D:4)
  4 orcs (D:5)
  7 ball pythons
  8 endoplasms
  4 giant cockroaches
  9 hobgoblins
  3 jackals (D:4)
  2 quokkas (D:2)
  4 bats
  4 frilled lizards
  5 goblins
  3 kobolds
  8 rats
86 creatures vanquished.

Notes
Turn   | Place    | Note
-------+----------+-------------------------------------------
     0 | D:1      | jimonade the Formicid Fighter began the quest for the Orb.
     0 | D:1      | Reached XP level 1. HP: 18/18 MP: 1/1
    58 | D:1      | Reached XP level 2. HP: 20/24 MP: 2/2
   261 | D:1      | Found a faded altar of an unknown god.
   660 | D:2      | Reached XP level 3. HP: 17/30 MP: 3/3
  1702 | D:2      | Reached XP level 4. HP: 37/37 MP: 4/4
  1761 | D:2      | Reached skill level 4 in Armour
  2060 | D:3      | Found a transporter.
  2068 | D:3      | Noticed an ancient zyme
  2423 | D:3      | Found a transporter.
  2447 | D:3      | Found a one-way gate to the infinite horrors of the Abyss.
  2458 | D:3      | Noticed Hubjo's ghost (weakling DsTm)
  2517 | D:3      | Reached XP level 5. HP: 21/42 MP: 5/5
  3124 | D:3      | Reached skill level 1 in Poison Magic
  3426 | D:4      | Reached skill level 1 in Spellcasting
  3433 | D:4      | Reached skill level 1 in Dodging
  3433 | D:4      | Reached XP level 6. HP: 38/48 MP: 7/7
  4386 | D:5      | Entered Level 5 of the Dungeon
  4584 | D:5      | Noticed an ogre
  4598 | D:5      | Killed an ogre
  4599 | D:5      | Reached XP level 7. HP: 54/54 MP: 8/10
  5227 | D:5      | Reached skill level 5 in Armour
  5392 | D:5      | Noticed Menkaure
  5407 | D:5      | Killed from afar by Menkaure

Illustrated notes

Levels and vault maps discovered:
D:1:      ncdulo_halloftheorcs, layout_rooms,
          hellmonk_ecumenical_altar_arch_garden, nicolae_kite_square_tiling_tiny
D:2:      minmay_recursive_quarters, layout_loops_ring
D:3:      layout_loops_corners, gammafunk_ghost_abyssal_escape
D:4:      layout_basic
D:5:      layout_loops_corners, minmay_misc_feat_columns, uniq_ijyb,
          uniq_menkaure

Skill      XL: |  1  2  3  4  5  6  7 |
---------------+----------------------+-----
Armour         | 4 5 |  5.2
Fighting       | 4 |  4.3
Staves         | 3 4 |  4.4
Poison Magic   | 1 2 3 |  3.0
Spellcasting   | 1 2 |  2.3
Dodging        | 1 |  1.3
Long Blades    | |  0.4
Throwing       | |  0.1
Shields        | |  4.8
Evocations     | |  0.1

Action                   |  1- 3 |  4- 6 |  7- 9 || total
-------------------------+-------+-------+-------++-------
Melee: Quarterstaff      |    95 |   120 |    11 ||   226
       Demon blade       |       |       |    15 ||    15
Throw: Javelin           |       |       |     4 ||     4
 Abil: Dig               |       |     1 |       ||     1
Evoke: Wand              |       |     2 |       ||     2
Armor: Scale mail        |    33 |    25 |     7 ||    65
Dodge: Dodged            |    42 |    71 |    25 ||   138
Block: Buckler           |    18 |    33 |     8 ||    59

Table legend: (Time is in decaauts)
 A = Elapsed time spent in this place.
 B = Non-inter-level travel time spent in this place.
 C = Inter-level travel time spent in this place.
 D = Time resting spent in this place.
 E = Time spent auto-exploring this place.
 F = Levels seen in this place.
 G = Mean time per level.
                   A        B        C        D        E       F      G
               +--------+--------+--------+--------+--------+-----+--------+
         Total |   5455 |   5175 |    280 |    809 |   3522 |   5 | 1091.0 |
       Dungeon |   5455 |   5175 |    280 |    809 |   3522 |   5 | 1091.0 |
               +--------+--------+--------+--------+--------+-----+--------+

Top non-repeatable levels by time:
     D:3: 1452 daAuts
     D:2: 1354 daAuts
     D:5: 1028 daAuts
     D:4: 969 daAuts
     D:1: 651 daAuts
